 Dungeon Crawl Stone Soup version 0.26-a0-708-g17f3b190f9 (webtiles) character file.

Game seed: 18410107567432879742

217 robertstho the Distorting Demonspawn (level 5, -5/42 HPs)
             Began as a Demonspawn Abyssal Knight on Oct 29, 2020.
             Was a Believer of Lugonu.
             Slain by an ogre
             ... wielding a +0 giant spiked club
              (20 damage)
             ... on level 5 of the Dungeon.
             The game lasted 00:06:05 (4152 turns).

robertstho the Distorting Demonspawn (DsAK)         Turns: 4152, Time: 00:06:06

Health: -5/42      AC:  9    Str: 13    XL:     5   Next: 61%
Magic:  8/8        EV:  9    Int: 15    God:    Lugonu [**....]
Gold:   211        SH:  0    Dex: 13    Spells: 4/4 levels left

rFire    + + .     SeeInvis .   a - +1 falchion
rCold    . . .     Faith    .   (no shield)
rNeg     . . .     Spirit   .   d - +0 scale mail
rPois    .         Reflect  .   p - +0 helmet
rElec    .         Harm     .   r - +0 cloak
rCorr    .         Rampage  .   (no gloves)
MR       .....                  (no boots)
Stlth    +.........             (no amulet)
HPRegen  0.14/turn              j - ring of protection from fire
MPRegen  0.11/turn              o - ring of stealth

@: no status effects
A: claws 2, fire resistance 1, big brain 1
a: Depart the Abyss, Bend Space, Renounce Religion


You were on level 5 of the Dungeon.
You worshipped Lugonu.
Lugonu was pleased with you.
You visited 1 branch of the dungeon, and saw 6 of its levels.
You visited the Abyss 1 time.

You collected 211 gold pieces.

Inventory:

Hand Weapons
 a - a +1 falchion (weapon)
Missiles
 k - 26 poisoned darts (quivered)
Armour
 d - a +0 scale mail (worn)
 p - a +0 helmet (worn)
 r - a +0 cloak (worn)
Jewellery
 j - a ring of protection from fire (left claw)
 o - a ring of stealth (right claw)
Scrolls
 b - a scroll of enchant weapon {unknown}
 c - 2 scrolls of immolation
 e - a scroll of identify
 f - a scroll of enchant armour {unknown}
 g - 2 scrolls of magic mapping
 m - a scroll of amnesia {unknown}
 n - 2 scrolls of blinking {unknown}
Potions
 h - a potion of brilliance
 i - a potion of mutation {unknown}


   Skills:
 * Level 4.0 Fighting
 + Level 3.1 Long Blades
 + Level 2.8 Armour
 + Level 1.4 Dodging
 + Level 0.5 Stealth
 * Level 4.1 Invocations


You had 4 spell levels left.
You didn't know any spells.
Your spell library was empty.

Dungeon Overview and Level Annotations

Branches:
Dungeon (6/15)
 Temple: D:4-7

Altars:


Innate Abilities, Weirdness & Mutations

You have very sharp fingernails.
Your flesh is heat resistant. (rF+)
You have an unusually large brain. (Int +2)


Message History

You climb upwards.
There is a stone staircase leading down here.
Found 11 gold pieces and a scroll of identify.
As you read the scroll of fear, it crumbles to dust.
You assume a fearsome visage.
The orc warrior looks frightened!
You see here 11 gold pieces.
You now have 211 gold pieces (gained 11).
e - a scroll of identify
There are no items here.
An ogre comes into view. It is wielding a +0 giant spiked club.
The ogre shouts!
A water moccasin skeleton comes into view.
Found a bubbling blue potion.
Found an escape hatch in the floor.
You see here a bubbling blue potion.
i - a bubbling blue potion
Found a potion of curing.
There is an escape hatch in the floor here.
The ogre hits you with a +0 giant spiked club!!
You die...

### ...
#.# #.#
#># #.####
# #....#
.###!
####.#
####......
#.# #.@..#
#.#
###O####
#.# #.Z.#
#.###
###.###
#...##
#...#
###..#
#.###
##.###.#
#.##..#
#....##


You could see an ogre and a water moccasin skeleton.

Vanquished Creatures
  A centaur zombie (D:4)
  A centaur skeleton (D:4)
  Natasha (D:2)
  5 adders
  An ooze (D:2)
  2 worms (D:2)
  2 leopard geckos
  2 orcs (D:6)
  8 bats
  4 giant cockroaches
  8 goblins
  8 hobgoblins
  5 jackals
  3 quokkas
  4 frilled lizards
  10 kobolds
  5 rats
70 creatures vanquished.

Notes
Turn   | Place    | Note
-------+----------+-------------------------------------------
     0 | Abyss:1  | robertstho the Demonspawn Abyssal Knight began the quest
                  | for the Orb.
     0 | Abyss:1  | Reached XP level 1. HP: 18/18 MP: 2/2
    31 | Abyss:1  | Noticed a starcursed mass
    31 | Abyss:1  | Noticed an ancient zyme
    38 | D:1      | Escaped the Abyss
   403 | D:1      | Gained mutation: You have sharp fingernails. [demonic
                  | ancestry]
   403 | D:1      | Reached XP level 2. HP: 24/24 MP: 3/3
   560 | D:1      | Reached * piety under Lugonu
  1299 | D:2      | Gained mutation: You have an unusually large brain. (Int
                  | +2) [demonic ancestry]
  1299 | D:2      | Reached XP level 3. HP: 23/29 MP: 5/5
  1425 | D:2      | Noticed Natasha
  1802 | D:2      | Reached skill level 1 in Dodging
  1836 | D:2      | HP: 2/43 [worm (2)]
  2364 | D:2      | Killed Natasha
  2364 | D:2      | Gained mutation: Your flesh is heat resistant. (rF+)
                  | [demonic ancestry]
  2364 | D:2      | Reached XP level 4. HP: 18/36 MP: 6/6
  3197 | D:3      | Gained mutation: You have very sharp fingernails. [demonic
                  | ancestry]
  3197 | D:3      | Reached XP level 5. HP: 33/42 MP: 7/7
  3376 | D:3      | Reached ** piety under Lugonu
  3634 | D:4      | Noticed an ogre
  3822 | D:4      | You fall into a shaft and drop 2 floors!
  4089 | D:6      | Noticed an orc warrior
  4124 | D:5      | Entered Level 5 of the Dungeon
  4139 | D:5      | Noticed an ogre
  4152 | D:5      | Slain by an ogre

Illustrated notes

Levels and vault maps discovered:
D:1:      minmay_arrival_doors, layout_basic, minmay_3d_cube
D:2:      layout_loops_ring, uniq_natasha
D:3:      layout_rooms, serial_curves, eino_curves_01, eino_curves_01,
          eino_curves_01, eino_curves_01, grunt_ministairs_13,
          minmay_statues_item, minmay_misc_feat_chi
D:4:      layout_basic, cheibrodos_sewer_entry_bend, serial_undead,
          serial_undead_f, serial_undead_e, serial_undead_f, serial_undead_b,
          hangedman_decor_push
D:5:      layout_rooms, lemuel_crystal_altar, uniq_grinder
D:6:      layout_loops_corners, minmay_temple_entry_drinking_statues,
          uniq_duvessa

Skill      XL: |  1  2  3  4  5 |
---------------+----------------+-----
Armour         | 2 |  2.8
Long Blades    | 2 3 |  3.1
Invocations    | 3 4 |  4.1
Dodging        | 1 |  1.4
Fighting       | 4 |  4.0
Stealth        | |  0.5

Action                   |  1- 3 |  4- 6 || total
-------------------------+-------+-------++-------
Melee: Falchion          |    90 |   127 ||   217
       Short sword       |    49 |       ||    49
Invok: Depart the Abyss  |     1 |       ||     1
  Use: Scroll            |     6 |     3 ||     9
       Potion            |     5 |     1 ||     6
Armor: Leather armour    |    12 |       ||    12
       Ring mail         |    25 |       ||    25
       Scale mail        |    24 |    88 ||   112
       Skin              |    16 |       ||    16
Dodge: Dodged            |   104 |    75 ||   179
       Rpst.: Falchion   |    24 |    26 ||    50

Table legend: (Time is in decaauts)
 A = Elapsed time spent in this place.
 B = Non-inter-level travel time spent in this place.
 C = Inter-level travel time spent in this place.
 D = Time resting spent in this place.
 E = Time spent auto-exploring this place.
 F = Levels seen in this place.
 G = Mean time per level.
                   A        B        C        D        E       F      G
               +--------+--------+--------+--------+--------+-----+--------+
         Total |   4178 |   4000 |    178 |   1011 |   2229 |   7 |  596.9 |
       Dungeon |   4140 |   3962 |    178 |   1011 |   2198 |   6 |  690.0 |
         Abyss |     38 |     38 |      0 |      0 |     31 |   1 |   38.0 |
               +--------+--------+--------+--------+--------+-----+--------+

Top non-repeatable levels by time:
     D:3: 1288 daAuts
     D:1: 1250 daAuts
     D:2: 1213 daAuts
     D:6: 290 daAuts
     D:4: 69 daAuts
 Abyss:1: 38 daAuts
     D:5: 27 daAuts
